 Dungeon Crawl Stone Soup version 0.27-a0-1144-g0b7d3b79db (webtiles) character file.

Game seed: 8389939067283437873

134925 kae the Fencer (level 16, -6/138 HPs)
             Began as a Demonspawn Abyssal Knight on May 10, 2021.
             Was the Champion of Lugonu.
             Killed by the air
             ... invoked by a wind drake (shapeshifter)
              (12 damage)
             ... on level 14 of the Dungeon.
             The game lasted 00:33:59 (37104 turns).

kae the Fencer (Demonspawn Abyssal Knight)         Turns: 37104, Time: 00:34:00

Health: -6/138     AC:  8    Str: 21    XL:     16   Next: 63%
Magic:  0/25       EV: 15    Int: 13    God:    Lugonu [******]
Gold:   1338       SH:  4    Dex: 14    Spells: 15/15 levels left

rFire    . . .     SeeInvis .   (weapon currently unavailable)
rCold    . . .     Faith    .   (shield currently unavailable)
rNeg     . . .     Spirit   +   (armour currently unavailable)
rPois    .         Reflect  .   (helmet currently unavailable)
rElec    .         Harm     .   (cloak currently unavailable)
rCorr    .         Rampage  .   (gloves currently unavailable)
Will     +....                  (boots currently unavailable)
Stlth    +.........             I - amulet of regeneration
HPRegen  1.33/turn              (ring currently unavailable)
MPRegen  0.38/turn              (ring currently unavailable)

@: about to teleport, pig-form, spiked, slowed
A: fast, no casting, small, (antennae 1), rugged brown scales 2, icemail 2,
magic shield, magic regeneration, magic link, condensation shield, (fire
resistance 1), strong 1
a: Renounce Religion, Depart the Abyss, Bend Space, Banish, Corrupt, Enter the
Abyss, Brand Weapon With Distortion


You were on level 14 of the Dungeon.
You worshipped Lugonu.
Lugonu was exalted by your worship.
You were a filthy swine.
You visited 3 branches of the dungeon, and saw 22 of its levels.
You visited the Abyss 1 time.
You also visited: Bailey and Ice Cave.

You collected 2450 gold pieces.
You spent 1112 gold pieces at shops.

Inventory:

Hand Weapons
 a - a +2 falchion of venom
 c - the +4 long sword of the Bouncing Xalams (melded) {venom, Fragile Str+7}
   (You bought it in a shop on level 2 of the Orcish Mines)

   It poisons the flesh of those it strikes.
   It affects your strength (+7).
   It will be destroyed if unequipped.
 y - a +0 great sword
Missiles
 f - a throwing net
 m - 93 poisoned darts (quivered)
 q - 15 curare-tipped darts
 S - 6 atropa-tipped darts
Armour
 s - a +0 helmet
 N - +4 gold dragon scales (melded)
 R - a scarf of repulsion (melded)
 X - a +0 cloak
Jewellery
 k - a +4 ring of protection
 o - a +4 ring of protection
 u - a ring of ice (melded)
 v - a ring of fire
 x - a ring of see invisible
 z - a ring of protection from cold (melded)
 C - an amulet of magic regeneration
 G - a ring of positive energy
 H - an amulet of the acrobat
 I - an amulet of regeneration (around neck)
 P - a ring of ice
 Q - a ring of resist corrosion
 T - a ring of ice
 W - a ring of positive energy
Wands
 g - a wand of iceblast (36)
 j - a wand of digging (24)
 D - a wand of mindburst (14)
 E - a wand of flame (66)
 M - a wand of acid (11)
 V - a wand of polymorph (10)
Scrolls
 d - 4 scrolls of fog
 l - a scroll of fear
 n - 7 scrolls of teleportation
 r - a scroll of magic mapping
 A - 8 scrolls of amnesia
 K - a scroll of blinking
 L - 16 scrolls of identify
 U - a scroll of enchant weapon
Potions
 b - 3 potions of attraction
 e - 4 potions of curing
 h - a potion of mutation
 i - 7 potions of haste
 p - 3 potions of cancellation
 t - 3 potions of magic
 w - 7 potions of lignification
 B - 2 potions of invisibility
 F - 2 potions of heal wounds
 J - a potion of ambrosia
 O - a potion of might


   Skills:
 + Level 13.9 Fighting
 * Level 17.1 Long Blades
 * Level 11.2 Armour
 - Level 4.0 Dodging
 - Level 12.3 Invocations
 - Level 5.3 Evocations


You had 15 spell levels left.
You didn't know any spells.
Your spell library contained the following spells:

 Spells                   Type           Power      Damage    Failure   Level
 Freeze                   Ice            0%         1d3       30%         1
 Magic Dart               Conj           0%         1d3       30%         1
 Sting                    Tmut/Pois      0%         1d3       30%         1
 Summon Small Mammal      Summ           0%         N/A       30%         1
 Blink                    Tloc           N/A        N/A       43%         2
 Call Imp                 Summ           0%         N/A       43%         2
 Ensorcelled Hibernation  Hex/Ice        0%         N/A       43%         2
 Poisonous Vapours        Pois/Air       0%         N/A       43%         2
 Slow                     Hex            0%         N/A       43%         2
 Call Canine Familiar     Summ           0%         N/A       67%         3
 Conjure Flame            Conj/Fire      0%         6-21      67%         3
 Frozen Ramparts          Ice            0%         1d2       67%         3
 Mephitic Cloud           Conj/Pois/Air  0%         N/A       67%         3
 Ozocubu's Armour         Ice            0%         N/A       67%         3
 Summon Guardian Golem    Hex/Summ       0%         N/A       67%         3
 Hailstorm                Conj/Ice       0%         3d3       97%         4
 Ice Form                 Ice/Tmut       0%         N/A       97%         4
 Summon Ice Beast         Ice/Summ       0%         N/A       97%         4
 Summon Lightning Spire   Summ/Air       0%         N/A       97%         4
 Metabolic Englaciation   Hex/Ice        0%         N/A       100%        5
 Freezing Cloud           Conj/Ice/Air   0%         6-21      100%        6
 Ozocubu's Refrigeration  Ice            0%         4d5       100%        7


Dungeon Overview and Level Annotations

Branches:
Dungeon (14/15)            Temple (0/1) D:6            Lair (6/6) D:10
  Swamp (0/4) Lair:2       Spider (0/4) Lair:2        Slime (0/5) Lair:5
    Orc (2/2) D:10            Elf (0/3) Orc:2        Bailey (visited)
  IceCv (visited)
 Vaults: D:13-14

Altars:
Cheibriados
Makhleb
Uskayaw
Wu Jian
Xom
Beogh

Shops:
D:5 =   D:7 [   Orc:2 =[(?

Annotations:
D:3 2 runed translucent doors, Cralpanu's ghost, amateur HOFE
D:5 exclusion: 4 doors
D:13 Kirke
Lair:4 2 transporters, Huchymm's ghost, journeyman DsCj


Innate Abilities, Weirdness & Mutations

You are a filthy swine.
You move quickly.
Your equipment is almost entirely melded.
You are incapable of wielding weapons or throwing items.
You cannot cast spells.
((You have a pair of small antennae on your head.))
(You are mostly covered in rugged brown scales. (AC +2, +5% HP))
A meltable icy envelope protects you from harm. (AC +8)
When hurt, damage is shared between your health and your magic reserves.
You regenerate magic rapidly.
When low on magic, you restore magic in place of health.
A meltable shield of frost defends you. (SH +4)
((Your flesh is heat resistant. (rF+)))
Your muscles are strong. (Str +2)


Message History

The volley of spikes hits you!
The barbed spikes become lodged in your body.
The barbed spikes dig painfully into your body as you move.
* * * LOW HITPOINT WARNING * * *
The manticore flicks its tail.
The volley of spikes misses you.
The barbed spikes dig painfully into your body as you move.
* * * LOW HITPOINT WARNING * * *
You hear some strange, mumbled words.
Something summons a lindwurm!
The manticore flicks its tail.
The volley of spikes misses you.
The barbed spikes dig painfully into your body as you move.
* * * LOW HITPOINT WARNING * * *
The manticore flicks its tail.
The volley of spikes hits you!
The barbed spikes become lodged in your body.
* * * LOW HITPOINT WARNING * * *
There is a stone staircase leading down here.
The manticore flicks its tail.
The volley of spikes hits you.
The barbed spikes become lodged in your body.
* * * LOW HITPOINT WARNING * * *
The barbed spikes dig painfully into your body as you move.
* * * LOW HITPOINT WARNING * * *
You climb downwards.
Reactivating autopickup.
The wind drake begins repelling missiles!
The ogre mage gestures at itself while chanting.
The ogre mage flickers and vanishes!
Deactivating autopickup; reactivate with Ctrl-A.
There is a stone staircase leading up here.
As you read the scroll of teleportation, it crumbles to dust.
You feel strangely unstable. The cyan ugly thing punches you.
* * * LOW HITPOINT WARNING * * *
The cyan ugly thing shocks you!
* * * LOW HITPOINT WARNING * * *
The wind drake flaps its wings at you. The air twists around and strikes you!
You die...

............))...........#
.................^.......##
.......................#..##
...........#.#....^........#
..............#[....##.#..###
.............#.#...#.##...###
.........................##..
...##.....{.........†##.#....
.........)huh.........†#†....
.......[<.#O............#....
.............................
..........k.......^..........
####.........................
#...........#.#.#.........
#....u.........###........
#...............##..#.....
#####........#..........#.#...


You could see 2 ugly things, a wind drake (repels missiles), a two-headed ogre
and a hog.

Vanquished Creatures
  An ettin (Orc:1)
  Harold (D:7)
  Fannar (Lair:1)
  6 boulder beetles
  2 ogre magi (Orc:2)
  3 catoblepae (Lair:6)
  A centaur warrior (D:13)
  10 death yaks
  An orc high priest (D:7)
  13 two-headed ogres
  Sonja (D:13)
  An iron troll (Orc:2)
  5 skeletal warriors
  A deep troll (Orc:2)
  2 lindwurms (Lair:2)
  A necromancer (IceCv)
  An orb spider (shapeshifter) (D:11)
  An orc knight (D:13)
  A deep elf pyromancer (D:14)
  An orc sorcerer (Bailey)
  14 ugly things
  5 cyclopes
  5 manticores
  Maurice (D:13)
  11 elephants
  3 ice statues (IceCv)
  Joseph (D:7)
  8 black mambas
  11 cane toads
  A gargoyle (D:11)
  2 centaur zombies
  An unseen horror (D:13)
  5 rime drakes
  Psyche (D:11)
  17 komodo dragons
  7 ice devils (IceCv)
  3 meliai
  15 trolls
  3 polar bears
  8 slime creatures
  18 dream sheep
  A hornet (Lair:2)
  9 blink frogs
  A vampire (D:11)
  5 wyverns
  34 yaks
  2 wraiths
  Eustachio (D:5)
  6 basilisks
  2 hogs
  A steam dragon (D:7)
  18 vampire mosquitoes
  4 wargs (Orc:1)
  20 water moccasins
  A swamp drake (D:10)
  10 ice beasts
  3 black bears (Lair:2)
  16 orc warriors
  21 ogres
  A necrophage (D:5)
  3 centaurs
  5 wolves (Lair:6)
  2 kobold brigands
  17 bullfrogs
  A gnoll sergeant (D:5)
  Blork the orc (D:5)
  7 scorpions
  4 wights
  4 killer bees (D:7)
  A howler monkey (D:6)
  10 electric eels
  A draconian simulacrum (IceCv)
  3 jellies
  8 orc priests
  2 centaur skeletons
  3 hounds
  2 bullfrog skeletons
  4 iguanas
  13 orc wizards
  2 spriggan simulacra (IceCv)
  2 troll simulacra (IceCv)
  A killer bee zombie (D:9)
  A centaur simulacrum (IceCv)
  4 howler monkey zombies
  A gnoll (Bailey)
  2 naga simulacra (IceCv)
  10 adders
  2 ogre simulacra (IceCv)
  A shadow imp (D:6)
  2 white imps
  An adder zombie (D:4)
  An adder skeleton (D:4)
  2 worms
  3 dart slugs (D:2)
  59 orcs
  6 ball pythons
  15 bats
  4 endoplasms
  4 giant cockroaches
  13 goblins
  8 hobgoblins
  10 jackals
  3 frilled lizards
  13 kobolds
  4 rats
615 creatures vanquished.

Vanquished Creatures (others)
  4 orc wizards
  3 orcs
  31 fungi
  111 plants
149 creatures vanquished.

Grand Total: 764 creatures vanquished

Notes
Turn   | Place    | Note
-------+----------+-------------------------------------------
     0 | Abyss:1  | kae the Demonspawn Abyssal Knight began the quest for the
                  | Orb.
     0 | Abyss:1  | Reached XP level 1. HP: 18/18 MP: 2/2
    82 | Abyss:1  | Noticed a worldbinder
    88 | Abyss:1  | Noticed an orc priest
    88 | Abyss:1  | Noticed an orc priest
    94 | Abyss:1  | Noticed an iron imp
    95 | D:1      | Escaped the Abyss
   148 | D:1      | Reached skill level 2 in Long Blades
   252 | D:1      | Found a faded altar of an unknown god.
   349 | D:1      | Reached * piety under Lugonu
   411 | D:1      | Gained mutation: You are partially covered in rugged brown
                  | scales. (AC +1, +3% HP) [demonic ancestry]
   411 | D:1      | Reached XP level 2. HP: 18/24 MP: 3/3
  1531 | D:2      | Gained mutation: A meltable shield of frost defends you.
                  | (SH +4) [demonic ancestry]
  1531 | D:2      | Reached XP level 3. HP: 29/29 MP: 4/4
  1580 | D:2      | Reached skill level 3 in Long Blades
  2541 | D:3      | Gained mutation: You regenerate magic rapidly. [demonic
                  | ancestry]
  2541 | D:3      | Reached XP level 4. HP: 23/38 MP: 5/5
  2734 | D:3      | Reached ** piety under Lugonu
  3142 | D:3      | Found a large runed translucent door.
  3142 | D:3      | Found a large runed translucent door.
  3144 | D:3      | Noticed Cralpanu's ghost (amateur HOFE)
  3157 | D:3      | Reached skill level 4 in Long Blades
  3519 | D:3      | Reached XP level 5. HP: 38/43 MP: 6/6
  4607 | D:4      | Reached skill level 5 in Long Blades
  4607 | D:4      | Gained mutation: When hurt, damage is shared between your
                  | health and your magic reserves. [demonic ancestry]
  4607 | D:4      | Reached XP level 6. HP: 39/50 MP: 7/7
  5000 | D:4      | Found a shimmering altar of Xom.
  5135 | D:4      | Reached skill level 5 in Fighting
  5370 | D:5      | Entered Level 5 of the Dungeon
  5375 | D:5      | Found Gimumun's Jewellery Boutique.
  5396 | D:5      | Gained mutation: You are mostly covered in rugged brown
                  | scales. (AC +2, +5% HP) [demonic ancestry]
  5396 | D:5      | Reached XP level 7. HP: 46/58 MP: 6/8
  5610 | D:5      | Noticed a steam dragon
  5610 | D:5      | a water moccasin changed into a steam dragon
  5861 | D:5      | Reached *** piety under Lugonu
  5862 | D:5      | Reached skill level 6 in Long Blades
  6863 | D:5      | Noticed Eustachio
  6895 | D:5      | Killed Eustachio
  6896 | D:5      | Reached skill level 7 in Long Blades
  6896 | D:5      | Gained mutation: When low on magic, you restore magic in
                  | place of health. [demonic ancestry]
  6896 | D:5      | Reached XP level 8. HP: 54/67 MP: 9/9
  6962 | D:5      | Noticed Blork the orc
  7001 | D:5      | Killed Blork the orc
  7369 | D:6      | Reached skill level 8 in Long Blades
  7788 | D:6      | Found a staircase to the Ecumenical Temple.
  8400 | D:6      | Reached skill level 9 in Long Blades
  8475 | D:6      | Reached XP level 9. HP: 74/75 MP: 10/10
  9222 | D:7      | Noticed Joseph
  9246 | D:7      | Killed Joseph
  9250 | D:7      | Found Veecs's Armour Shoppe.
  9313 | D:7      | Found a flagged portal.
  9366 | Bailey   | Entered a bailey
  9557 | Bailey   | Reached skill level 10 in Long Blades
  9591 | Bailey   | Reached **** piety under Lugonu
 10013 | Bailey   | Found an iron altar of Okawaru.
 10013 | Bailey   | Noticed an orc sorcerer
 10013 | Bailey   | Noticed an orc high priest
 10016 | Bailey   | Noticed a hellwing
 10016 | Bailey   | Noticed a red devil
 10040 | Bailey   | Killed an orc sorcerer
 10041 | Bailey   | Noticed a rust devil
 10076 | D:7      | Killed an orc high priest
 10077 | D:7      | Gained mutation: A meltable icy envelope protects you from
                  | harm. (AC +8) [demonic ancestry]
 10077 | D:7      | Reached XP level 10. HP: 22/87 MP: 3/11
 10433 | D:7      | Reached skill level 11 in Long Blades
 11795 | D:7      | Noticed a cyclops
 12060 | D:7      | Killed a cyclops
 12491 | D:7      | Noticed Harold
 12547 | D:7      | Killed Harold
 12548 | D:7      | Reached skill level 12 in Long Blades
 13693 | D:8      | Reached skill level 10 in Fighting
 13737 | D:8      | Found a snail-covered altar of Cheibriados.
 13737 | D:8      | Found a hide-covered altar of Uskayaw.
 13739 | D:8      | Found an ornate altar of the Wu Jian Council.
 14106 | D:9      | Noticed a boulder beetle
 15057 | D:8      | Found a snail-covered altar of Cheibriados.
 15057 | D:8      | Found a hide-covered altar of Uskayaw.
 15059 | D:8      | Found an ornate altar of the Wu Jian Council.
 15270 | D:9      | Reached XP level 11. HP: 93/95 MP: 12/12
 15339 | D:9      | Noticed a red ugly thing
 15352 | D:9      | Killed a red ugly thing
 15512 | D:9      | Noticed a two-headed ogre
 15548 | D:9      | Killed a two-headed ogre
 16112 | D:9      | Identified the +4 rapier of Vahuew {venom, rElec Str-4
                  | Int+2}
 16400 | D:10     | Entered Level 10 of the Dungeon
 16414 | D:10     | Found a staircase to the Lair.
 16674 | D:10     | Noticed a two-headed ogre
 16695 | D:10     | Killed a two-headed ogre
 16696 | D:10     | Reached skill level 13 in Long Blades
 17000 | D:10     | Found a staircase to the Orcish Mines.
 17085 | D:10     | Noticed a two-headed ogre
 17097 | D:10     | Killed a two-headed ogre
 17098 | D:10     | Reached skill level 5 in Invocations
 18946 | D:9      | Killed a boulder beetle
 20123 | D:11     | Noticed an orb spider
 20138 | D:11     | Killed an orb spider
 20213 | D:11     | Noticed Psyche
 20227 | D:11     | Killed Psyche
 20850 | D:11     | HP: 3/97 [vampire/vampiric draining (10)]
 21458 | D:12     | Noticed a boulder beetle
 21479 | D:12     | Killed a boulder beetle
 21480 | D:12     | Reached XP level 12. HP: 51/105 MP: 13/18
 21705 | D:12     | Found a frozen archway.
 21774 | IceCv    | Entered an ice cave
 22131 | IceCv    | Reached skill level 14 in Long Blades
 22663 | IceCv    | Reached ***** piety under Lugonu
 23518 | D:12     | Reached skill level 10 in Invocations
 23527 | D:12     | Noticed a six-headed hydra
 23530 | D:12     | Noticed a boulder beetle
 24489 | D:12     | Killed a boulder beetle
 24568 | D:12     | Noticed a two-headed ogre
 24632 | D:12     | Killed a two-headed ogre
 25112 | D:13     | Noticed Sonja
 25406 | Lair:1   | Entered Level 1 of the Lair of Beasts
 25577 | Lair:1   | Reached XP level 13. HP: 93/112 MP: 18/21
 25812 | Lair:1   | Noticed Fannar
 25828 | Lair:1   | Killed Fannar
 26589 | Lair:2   | Found a staircase to the Swamp.
 26605 | Lair:2   | Reached skill level 5 in Armour
 27122 | Lair:2   | Found a hole to the Spider Nest.
 27377 | Lair:2   | Reached skill level 15 in Long Blades
 27457 | Lair:2   | Identified Ytaumiug's Compendium of Snow and Venom
 27673 | Lair:3   | Reached skill level 1 in Dodging
 28325 | Lair:3   | Reached XP level 14. HP: 65/121 MP: 21/23
 29154 | Lair:4   | Found a transporter.
 29259 | Lair:4   | Found a transporter.
 29262 | Lair:4   | Noticed Huchymm's ghost (journeyman DsCj)
 30847 | Lair:5   | Found a staircase to the Slime Pits.
 31119 | Lair:6   | Entered Level 6 of the Lair of Beasts
 31726 | Lair:6   | Reached skill level 16 in Long Blades
 33099 | Lair:6   | Reached skill level 5 in Evocations
 33099 | Lair:6   | Gained mutation: A meltable icy envelope protects you from
                  | harm. (AC +8) [demonic ancestry]
 33099 | Lair:6   | Reached XP level 15. HP: 130/130 MP: 24/24
 33100 | Lair:6   | Gained mutation: Your flesh is cold resistant. (rC+)
                  | [potion of mutation]
 33100 | Lair:6   | Gained mutation: You are frail. (-10% HP) [potion of
                  | mutation]
 33101 | Lair:6   | Lost mutation: You are frail. (-10% HP) [potion of
                  | mutation]
 33101 | Lair:6   | Lost mutation: Your flesh is cold resistant. (rC+) [potion
                  | of mutation]
 33101 | Lair:6   | Gained mutation: Your muscles are strong. (Str +2) [potion
                  | of mutation]
 33101 | Lair:6   | Gained mutation: Your flesh is heat resistant. (rF+)
                  | [potion of mutation]
 33319 | Orc:1    | Entered Level 1 of the Orcish Mines
 33319 | Orc:1    | Found a burning altar of Makhleb.
 33547 | Orc:2    | Entered Level 2 of the Orcish Mines
 33696 | Orc:1    | Gained mutation: You have a pair of small antennae on your
                  | head. [demonic ancestry]
 33696 | Orc:1    | Reached XP level 16. HP: 95/137 MP: 16/25
 33982 | Orc:2    | Found a staircase to the Elven Halls.
 34416 | Orc:2    | Found Toomaith's Magic Scroll Shop.
 34417 | Orc:2    | Found Uhof's Antique Weapon Shop.
 34505 | Orc:2    | Reached ****** piety under Lugonu
 34525 | Orc:2    | Reached skill level 10 in Armour
 35149 | Orc:2    | Found Viupe's Antique Armour Shoppe.
 35169 | Orc:2    | Bought a shimmering long sword for 212 gold pieces
 35169 | Orc:2    | Identified the +4 long sword of the Bouncing Xalams {venom,
                  | Fragile Str+7} (You bought it in a shop on level 2 of the
                  | Orcish Mines)
 35175 | Orc:2    | Bought a scroll of acquirement for 624 gold pieces
 35175 | Orc:2    | Bought a scroll of identify for 24 gold pieces
 35175 | Orc:2    | Bought a scroll of identify for 24 gold pieces
 35175 | Orc:2    | Bought a scroll of identify for 24 gold pieces
 35175 | Orc:2    | Bought a scroll of identify for 24 gold pieces
 35175 | Orc:2    | Bought a scroll of enchant weapon for 90 gold pieces
 35175 | Orc:2    | Bought a scroll of enchant armour for 90 gold pieces
 35178 | Orc:2    | Found Oquy's Jewellery Boutique.
 35189 | Orc:2    | Acquired a scarf of repulsion
 35598 | D:13     | Noticed Maurice
 35620 | D:13     | Killed Sonja
 35766 | D:13     | Killed Maurice
 36158 | D:13     | Reached skill level 17 in Long Blades
 36812 | D:14     | Noticed Kirke
 37104 | D:14     | HP: 6/138 [cyan ugly thing (9)]
 37104 | D:14     | Killed from afar by a wind drake (shapeshifter)

Illustrated notes

Levels and vault maps discovered:
D:1:      ncdulo_watergridlock, layout_basic, ebering_ecumenical_altar_ruins,
          minmay_cupped
D:2:      layout_loops_ring, serial_forest, infiniplex_forest_lined_room_2,
          infiniplex_forest_clump_small, infiniplex_forest_clump_tiny,
          infiniplex_forest_lined_1, infiniplex_forest_zigzag_1, moated_statue
D:3:      layout_basic, ebering_ghost_disaster_area
D:4:      layout_rooms, lemuel_doored_altar
D:5:      layout_basic, serial_shops, shop, minivault_11, sword_in_stone
D:6:      old_forge, layout_loops_corners, minmay_temple_entry_ruins,
          minmay_misc_feat_room, kennysheep_decorative_pillar
D:7:      layout_basic, serial_shops, shop, enter_bailey_5, serial_bayou_lake_a,
          uniq_harold, uniq_joseph
D:8:      layout_loops_ring, nicolae_overflow_hidden_temple
D:9:      layout_small_grid, kennysheep_flooded_box, grunt_tough_drop
D:10:     layout_basic, lair_entry_dummy, erik_orc_1, kennysheep_potato
D:11:     layout_basic, uniq_psyche
D:12:     layout_irregular_city, portal_ice_cave_entry_ice_beasts
D:13:     layout_rooms, uniq_maurice, uniq_sonja
D:14:     layout_cross, david_vaults_4, minmay_holes, gammafunk_ghost_ooze,
          amethyst_killhole, beargit_hepliaklqana_dungeon_heroes, uniq_kirke
Lair:1:   layout_regular_city, lemuel_fruit_fields, serial_bayou_shore_a,
          grunt_megastairs_5, uniq_fannar
Lair:2:   cheibrodos_lair_overgrown_chateau, layout_misc_corridors,
          minmay_swamp_entry_swarm, spider_nest_entry_web_field
Lair:3:   layout_regular_city, beast_lair_carwin_10, infiniplex_staircase_pool
Lair:4:   layout_gridlike, gammafunk_ghost_berserking_beasts,
          serial_bayou_pond_e
Lair:5:   layout_long_grid, slime_dummy, st_stairs_8,
          nicolae_lair_grove_arrangements, lemuel_fruit_fields
Lair:6:   evilmike_catoblepas_cave, layout_cave_pods
Orc:1:    layout_caves, basic_altar
Orc:2:    st_orc_open, layout_diamond_mine, basic_altar

Skill      XL: |  1  2  3  4  5  6  7  8  9 10 11 12 13 14 15 16 |
---------------+-------------------------------------------------+-----
Long Blades    | 2 3 4 5 7 9 10 12 13 14 15 16 17 | 17.1
Fighting       | 4 5 6 7 9 10 11 12 13 | 13.9
Invocations    | 8 11 12 | 12.3
Armour         | 4 7 9 11 | 11.2
Dodging        | 2 4 |  4.0
Evocations     | 5 |  5.3

Action                   |  1- 3 |  4- 6 |  7- 9 | 10-12 | 13-15 | 16-18 || total
-------------------------+-------+-------+-------+-------+-------+-------++-------
Melee: Falchion          |   131 |   204 |   405 |  1616 |  1747 |   486 ||  4589
       Long sword        |       |       |       |       |       |   336 ||   336
       Unarmed           |       |       |       |       |       |    14 ||    14
Throw: Dart              |       |     6 |       |       |       |       ||     6
Invok: Depart the Abyss  |     1 |       |       |       |       |       ||     1
       Bend Space        |       |       |       |     2 |    10 |     4 ||    16
       Banish            |       |       |       |     2 |    14 |     5 ||    21
Evoke: Wand              |       |       |    14 |    13 |     1 |       ||    28
  Use: Scroll            |     8 |     4 |     5 |    17 |     4 |     4 ||    42
       Potion            |       |       |     3 |     2 |     5 |     2 ||    12
 Stab: Held in net/web   |       |       |     1 |       |       |       ||     1
       Confused          |       |       |       |     1 |       |       ||     1
       Distracted        |       |       |       |       |       |     1 ||     1
Armor: Leather armour    |    21 |       |       |       |       |       ||    21
       Ring mail         |    45 |    89 |   170 |   476 |       |       ||   780
       Gold dragon scale |       |       |       |   238 |  1125 |   745 ||  2108
       Skin              |       |       |       |       |       |     2 ||     2
Dodge: Dodged            |    83 |   114 |   168 |   376 |   129 |   253 ||  1123
       Repelled          |       |       |       |       |       |     1 ||     1
Block: Other             |    11 |    47 |    45 |   158 |   204 |   114 ||   579
       Rpst.: Falchion   |    23 |    37 |    55 |   103 |    31 |    17 ||   266
       Long sword        |       |       |       |       |       |    25 ||    25

Table legend: (Time is in decaauts)
 A = Elapsed time spent in this place.
 B = Non-inter-level travel time spent in this place.
 C = Inter-level travel time spent in this place.
 D = Time resting spent in this place.
 E = Time spent auto-exploring this place.
 F = Levels seen in this place.
 G = Mean time per level.
                   A        B        C        D        E       F      G
               +--------+--------+--------+--------+--------+-----+--------+
         Total |  35635 |  34055 |   1580 |   4892 |  22717 |  25 | 1425.4 |
       Dungeon |  24531 |  23377 |   1154 |   3246 |  16691 |  14 | 1752.2 |
          Lair |   7188 |   6887 |    301 |    446 |   4733 |   6 | 1198.0 |
  Orcish Mines |   1753 |   1630 |    123 |     24 |   1023 |   2 |  876.5 |
         Abyss |     96 |     96 |      0 |      0 |     82 |   1 |   96.0 |
        Bailey |    681 |    681 |      0 |    553 |     10 |   1 |  681.0 |
      Ice Cave |   1383 |   1383 |      0 |    622 |    177 |   1 | 1383.0 |
               +--------+--------+--------+--------+--------+-----+--------+

Top non-repeatable levels by time:
     D:7: 3528 daAuts
     D:9: 3264 daAuts
    D:11: 2435 daAuts
     D:3: 2012 daAuts
     D:5: 1958 daAuts
    D:10: 1888 daAuts
  Lair:6: 1787 daAuts
     D:8: 1720 daAuts
     D:6: 1495 daAuts
   IceCv: 1383 daAuts
  Lair:3: 1284 daAuts
     D:1: 1270 daAuts
    D:12: 1241 daAuts
     D:2: 1155 daAuts
  Lair:2: 1137 daAuts
